 Dungeon Crawl Stone Soup version 0.27-a0-1186-g8b4daa1eef (webtiles) character file.

Game seed: 1512561587511864708

450 karrick the Caller (level 7, 0/50 HPs)
             Began as a Gnoll Summoner on May 19, 2021.
             Slain by a steam dragon (8 damage)
             ... on level 6 of the Dungeon.
             The game lasted 00:10:20 (5710 turns).

karrick the Caller (Gnoll Summoner)                 Turns: 5710, Time: 00:10:21

Health: 0/50       AC:  2    Str:  9    XL:     7   Next: 4%
Magic:  4/15       EV: 14    Int: 14    God:
Gold:   283        SH:  5    Dex: 13    Spells: 11/17 levels left

rFire    . . .     SeeInvis .   c - +2 dagger (freeze)
rCold    . . .     Faith    .   (no shield)
rNeg     . . .     Spirit   .   a - +0 robe
rPois    .         Reflect  +   (no helmet)
rElec    .         Harm     .   (no cloak)
rCorr    .         Rampage  .   (no gloves)
Will     .....                  (no boots)
Stlth    +++.......             s - amulet of reflection
HPRegen  0.16/turn              (no ring)
MPRegen  0.14/turn              (no ring)

@: no status effects
A: fangs 1, strong nose, distributed training
a: no special abilities


You were on level 6 of the Dungeon.
You visited 1 branch of the dungeon, and saw 6 of its levels.
You also visited: Sewer.

You collected 283 gold pieces.

Inventory:

Hand Weapons
 c - a +2 dagger of freezing (weapon)
Armour
 a - a +0 robe (worn)
Jewellery
 b - a ring of protection from cold
 g - a ring of magical power
 s - an amulet of reflection (around neck)
Wands
 t - a wand of digging (7)
Scrolls
 d - a scroll of immolation
 f - a scroll of silence
 i - a scroll of enchant armour
 j - 2 scrolls of enchant weapon
 l - a scroll of brand weapon
 n - 2 scrolls of fog {unknown}
 o - 3 scrolls of teleportation {unknown}
 r - a scroll of fear {unknown}
Potions
 e - a potion of haste {unknown}
 h - 4 potions of flight
 k - 2 potions of curing {unknown}
 m - 3 potions of might {unknown}
 p - a potion of degeneration {unknown}
 q - a potion of resistance {unknown}


   Skills:
 + Level 2.2 Fighting
 + Level 2.2 Short Blades
 + Level 2.2 Long Blades
 + Level 2.2 Axes
 + Level 2.2 Maces & Flails
 + Level 2.2 Polearms
 + Level 2.2 Staves
 + Level 2.2 Slings
 + Level 2.2 Bows
 + Level 2.2 Crossbows
 + Level 2.2 Throwing
 + Level 2.2 Armour
 + Level 5.1 Dodging
 + Level 4.7 Stealth
 + Level 2.2 Shields
 + Level 2.2 Unarmed Combat
 + Level 5.5 Spellcasting
 + Level 1.8 Conjurations
 + Level 1.8 Hexes
 + Level 7.3 Summonings
 + Level 1.8 Necromancy
 + Level 1.8 Translocations
 + Level 1.8 Transmutations
 + Level 1.8 Fire Magic
 + Level 1.8 Ice Magic
 + Level 1.8 Air Magic
 + Level 1.8 Earth Magic
 + Level 1.8 Poison Magic
 + Level 2.4 Invocations
 + Level 2.2 Evocations


You had 11 spell levels left.
You knew the following spells:

 Your Spells              Type           Power      Damage    Failure   Level
a - Summon Small Mammal   Summ           96%        N/A       1%          1
b - Call Imp              Summ           24%        N/A       1%          2
c - Call Canine Familiar  Summ           24%        N/A       2%          3

Your spell library contained the following spells:

 Spells                   Type           Power      Damage    Failure   Level
 Summon Guardian Golem    Hex/Summ       16%        N/A       8%          3
 Summon Ice Beast         Ice/Summ       16%        N/A       26%         4
 Summon Lightning Spire   Summ/Air       16%        N/A       26%         4
 Irradiate                Conj/Tmut      4%         3d14      91%         5
 Freezing Cloud           Conj/Ice/Air   4%         6-21      100%        6


Dungeon Overview and Level Annotations

Branches:
Dungeon (6/15)             Temple (0/1) D:5           Sewer (visited)

Altars:

Annotations:
D:3 Terence
D:5 Prince Ribbit


Innate Abilities, Weirdness & Mutations

You have very sharp teeth.
Your uncanny sense of smell can sniff out nearby items.
Your experience applies equally to all skills.


Message History

You swap places.
You now have 283 gold pieces (gained 9).
Things that are here:
a +0 hand axe; a +0 scale mail; an orc corpse
Okay, then.
A steam dragon comes into view.
You swap places.
Your hound disappears in a puff of smoke!
Casting: Call Imp (safe; 1% risk of failure)
Confirm with . or Enter, or press ? or * to list all spells.
Casting: Call Canine Familiar (dangerous; 2% risk of failure)
Confirm with . or Enter, or press ? or * to list all spells.
A beastly little devil appears in a puff of flame.
Casting: Call Imp (safe; 1% risk of failure)
Confirm with . or Enter, or press ? or * to list all spells.
A beastly little devil appears in a puff of flame.
Your white imp disappears in a puff of smoke!
Your crimson imp disappears in a puff of smoke!
You swap places.
Your crimson imp blinks! x2
The steam dragon breathes steam at you. The ball of steam misses you.
Your hound is engulfed in a cloud of scalding steam.
Okay, then.
Okay, then.
Your hound is engulfed in a cloud of scalding steam.
The steam dragon breathes steam at you. The ball of steam hits you!
Your hound is engulfed in a cloud of scalding steam.
Your hound dies!
Your hound's corpse disappears in a puff of smoke!
You are engulfed in a cloud of scalding steam.
Your white imp hits the steam dragon but does no damage.
The steam dragon breathes steam at you. The ball of steam hits you!!
* * * LOW HITPOINT WARNING * * *
You closely miss the steam dragon.
Your white imp barely misses the steam dragon.
The steam dragon bites you!
You die...

##.........##... ....
#...........##.. .... ..
####5.#.....# #.# .....
...#....##5....## #.##.....
.......5##......###........
........#..................
............5.§.........#
......##...D§5......#.###
..[..###....@§§.....# ###
....# #......§.§§§.####.##
#... #.......§§§..#.....# #
.###............§........####
#).#.....##........#..#.##
###......##..§..####....#.
...)............. ##.....
....[.#....#..#..........#
..#...####.##..#.......#..


You could see a steam dragon (catching breath, ally target), 2 friendly crimson
imps and a friendly white imp (summoned).

Vanquished Creatures
  2 necrophages (D:4)
  A gnoll (D:1)
  3 adders
  A white imp (D:5)
  2 worms (Sewer)
  2 dart slugs (D:2)
  2 orcs (D:3)
  3 bats
  10 endoplasms
  4 giant cockroaches
  4 goblins
  6 hobgoblins
  13 jackals
  3 kobolds
  4 quokkas
  4 ball pythons
  5 frilled lizards
  3 rats
72 creatures vanquished.

Vanquished Creatures (collateral kills)
  An ogre (D:4)
  2 scorpions
  A centaur skeleton (D:4)
  Jessica (D:3)
  2 adders
  An adder skeleton (D:4)
  2 worms (Sewer)
  2 dart slugs
  7 orcs
  3 ball pythons
  6 bats
  2 bat zombies (D:1)
  2 endoplasms
  3 goblins
  4 hobgoblins
  9 jackals
  3 quokkas
  A frilled lizard (Sewer)
  A rat (D:2)
53 creatures vanquished.

Vanquished Creatures (others)
  2 giant cockroaches (D:5)
  5 fungi
  3 toadstools (D:2)
10 creatures vanquished.

Grand Total: 135 creatures vanquished

Notes
Turn   | Place    | Note
-------+----------+-------------------------------------------
     0 | D:1      | karrick the Gnoll Summoner began the quest for the Orb.
     0 | D:1      | Reached XP level 1. HP: 13/13 MP: 6/6
   365 | D:1      | Reached XP level 2. HP: 15/19 MP: 4/7
   508 | D:1      | Learned a level 2 spell: Call Imp
   692 | D:1      | Reached XP level 3. HP: 25/25 MP: 9/9
   711 | D:1      | Reached skill level 5 in Spellcasting
   715 | D:1      | Learned a level 3 spell: Call Canine Familiar
  1066 | D:1      | Reached skill level 1 in Invocations
  1335 | D:2      | Reached skill level 1 in Fighting
  1335 | D:2      | Reached skill level 1 in Short Blades
  1335 | D:2      | Reached skill level 1 in Long Blades
  1335 | D:2      | Reached skill level 1 in Axes
  1335 | D:2      | Reached skill level 1 in Maces & Flails
  1335 | D:2      | Reached skill level 1 in Polearms
  1335 | D:2      | Reached skill level 1 in Staves
  1335 | D:2      | Reached skill level 1 in Slings
  1335 | D:2      | Reached skill level 1 in Bows
  1335 | D:2      | Reached skill level 1 in Crossbows
  1335 | D:2      | Reached skill level 1 in Throwing
  1335 | D:2      | Reached skill level 1 in Armour
  1335 | D:2      | Reached skill level 1 in Shields
  1335 | D:2      | Reached skill level 1 in Unarmed Combat
  1335 | D:2      | Reached skill level 1 in Evocations
  1459 | D:2      | Reached XP level 4. HP: 32/32 MP: 7/11
  2155 | D:2      | Reached skill level 1 in Conjurations
  2155 | D:2      | Reached skill level 1 in Hexes
  2155 | D:2      | Reached skill level 1 in Necromancy
  2155 | D:2      | Reached skill level 1 in Translocations
  2155 | D:2      | Reached skill level 1 in Transmutations
  2155 | D:2      | Reached skill level 1 in Fire Magic
  2155 | D:2      | Reached skill level 1 in Ice Magic
  2155 | D:2      | Reached skill level 1 in Air Magic
  2155 | D:2      | Reached skill level 1 in Earth Magic
  2155 | D:2      | Reached skill level 1 in Poison Magic
  2511 | D:3      | Found a faded altar of an unknown god.
  2599 | D:3      | Noticed Jessica
  2618 | D:3      | Killed Jessica
  2619 | D:3      | Reached XP level 5. HP: 31/37 MP: 1/12
  3139 | D:3      | Noticed Terence
  3255 | D:4      | Noticed an ogre
  3270 | D:4      | Killed an ogre
  3469 | D:4      | Noticed a necrophage
  3496 | D:4      | Killed a necrophage
  3497 | D:4      | Reached XP level 6. HP: 31/44 MP: 7/13
  3635 | D:4      | Reached skill level 5 in Dodging
  4087 | D:4      | Noticed a necrophage
  4106 | D:4      | Killed a necrophage
  4598 | D:5      | Entered Level 5 of the Dungeon
  4602 | D:5      | Noticed Prince Ribbit
  4607 | D:5      | Found a staircase to the Ecumenical Temple.
  4630 | D:5      | Noticed a two-headed ogre
  4684 | D:5      | Found a glowing drain.
  4768 | Sewer    | Entered a sewer
  5592 | D:5      | Reached XP level 7. HP: 47/50 MP: 10/15
  5645 | D:6      | Identified the Catalogue of Creative Conjuration
  5687 | D:6      | Noticed a steam dragon
  5710 | D:6      | Slain by a steam dragon

Illustrated notes

Levels and vault maps discovered:
D:1:      saegor_arrival_fortress, layout_rooms, serial_bayou_pond_d
D:2:      layout_basic, minmay_door_square, fountainhead,
          minmay_gold_behind_fungi, st_stairs_11
D:3:      layout_loops_corners, ebering_ecumenical_altar_sacrificial,
          uniq_grinder, uniq_terence, uniq_jessica
D:4:      layout_loops_cross
D:5:      minmay_angry_zag, layout_rooms, kiku_gazebo_garden_becter,
          minmay_temple_entry_mist, cheibrodos_sewer_entry_drain,
          uniq_crazy_yiuf_cottage, uniq_prince_ribbit1
D:6:      layout_cave_pools, minmay_misc_feat_plants

Skill      XL: |  1  2  3  4  5  6 |
---------------+-------------------+-----
Spellcasting   | 5 |  5.5
Invocations    | 1 2 |  2.4
Fighting       | 1 2 |  2.2
Short Blades   | 1 2 |  2.2
Long Blades    | 1 2 |  2.2
Axes           | 1 2 |  2.2
Maces & Flails | 1 2 |  2.2
Polearms       | 1 2 |  2.2
Staves         | 1 2 |  2.2
Slings         | 1 2 |  2.2
Bows           | 1 2 |  2.2
Crossbows      | 1 2 |  2.2
Throwing       | 1 2 |  2.2
Armour         | 1 2 |  2.2
Shields        | 1 2 |  2.2
Unarmed Combat | 1 2 |  2.2
Evocations     | 1 2 |  2.2
Conjurations   | 1 |  1.8
Hexes          | 1 |  1.8
Necromancy     | 1 |  1.8
Translocations | 1 |  1.8
Transmutations | 1 |  1.8
Fire Magic     | 1 |  1.8
Ice Magic      | 1 |  1.8
Air Magic      | 1 |  1.8
Earth Magic    | 1 |  1.8
Poison Magic   | 1 |  1.8
Dodging        | 5 |  5.1
Stealth        | |  4.7
Summonings     | |  7.3

Action                   |  1- 3 |  4- 6 |  7- 9 || total
-------------------------+-------+-------+-------++-------
Melee: Dagger            |   102 |   201 |     3 ||   306
       Unarmed           |     5 |       |       ||     5
       Bite              |     5 |    21 |       ||    26
 Cast: Summon Small Mamm |    13 |       |       ||    13
       Call Canine Famil |     2 |    17 |     2 ||    21
       Call Imp          |     1 |    31 |     5 ||    37
  Use: Scroll            |       |     5 |       ||     5
       Potion            |       |     1 |       ||     1
 Stab: Sleeping          |     6 |     7 |       ||    13
       Distracted        |     1 |     1 |       ||     2
Armor: Robe              |    15 |    45 |       ||    60
Dodge: Dodged            |    85 |   164 |     1 ||   250

Table legend: (Time is in decaauts)
 A = Elapsed time spent in this place.
 B = Non-inter-level travel time spent in this place.
 C = Inter-level travel time spent in this place.
 D = Time resting spent in this place.
 E = Time spent auto-exploring this place.
 F = Levels seen in this place.
 G = Mean time per level.
                   A        B        C        D        E       F      G
               +--------+--------+--------+--------+--------+-----+--------+
         Total |   5782 |   5653 |    129 |    453 |   4244 |   7 |  826.0 |
       Dungeon |   4892 |   4763 |    129 |    276 |   3695 |   6 |  815.3 |
         Sewer |    890 |    890 |      0 |    177 |    549 |   1 |  890.0 |
               +--------+--------+--------+--------+--------+-----+--------+

Top non-repeatable levels by time:
     D:4: 1479 daAuts
     D:1: 1265 daAuts
     D:2: 985 daAuts
   Sewer: 890 daAuts
     D:3: 887 daAuts
     D:5: 193 daAuts
     D:6: 80 daAuts
